| TOP OF THE 1ST |
|
Lowell Spinners batting - Pitching for Hudson Valley Renegades : LHP Jake Fields
|
|
Pitching: LHP Jake Fields
|
|
|
Batting: LHB Eric Gaugler
|
0-0: Ball 1-0: Ball 2-0: Fly out, F9 (Flyball, 9D, EV 84.4 MPH)
|
|
Batting: RHB Willie Camacho
|
0-0: Ball 1-0: Ball 2-0: Called Strike 2-1: Called Strike 2-2: Ball 3-2: Strikes out swinging
|
|
Batting: LHB Kien-lung Zou
|
0-0: Ball 1-0: Called Strike 1-1: Ball 2-1: Ground out 3-1 (Groundball, 13, EV 80.6 MPH)
|
| Top of the 1st over - 0 runs, 0 hits, 0 errors, 0 left on base; Lowell 0 - Hudson Valley 0 |
| BOTTOM OF THE 1ST |
|
Hudson Valley Renegades batting - Pitching for Lowell Spinners : RHP Nherbert Silivan
|
|
Pitching: RHP Nherbert Silivan
|
|
|
Batting: LHB Jonathan Spino
|
0-0: Foul Ball, location: 2F 0-1: Called Strike 0-2: Ground out 1-3 (Groundball, P, EV 70.6 MPH)
|
|
Batting: SHB Chris Lockart
|
0-0: Ball 1-0: Called Strike 1-1: Swinging Strike 1-2: Strikes out looking
|
|
Batting: RHB Alex Koral
|
0-0: Ball 1-0: Ball 2-0: Ball 3-0: Base on Balls
|
|
Batting: RHB Kunizo Yanagisawa
|
0-0: Ball Pickoff Throw to First - Out! 1-3 CS
|
| Bottom of the 1st over - 0 runs, 0 hits, 0 errors, 0 left on base; Lowell 0 - Hudson Valley 0 |
| TOP OF THE 2ND |
|
Lowell Spinners batting - Pitching for Hudson Valley Renegades : LHP Jake Fields
|
|
Batting: RHB Dominique Paolozzi
|
0-0: Ball 1-0: Ball 2-0: Ball 3-0: Base on Balls
|
|
Batting: RHB Tony Gallegos
|
0-0: Ball 1-0: Ball 2-0: Ball 3-0: Called Strike 3-1: Foul Ball, location: 2F 3-2: Base on Balls Dominique Paolozzi to second
|
|
Batting: RHB Bakhtiar Asadov
|
0-0: Ball 1-0: Foul Ball, location: 2F 1-1: Ball 2-1: Foul Ball, location: 2F 2-2: Fly out, F9 (Line Drive, 9, EV 91.2 MPH)
|
|
Batting: SHB Matsudaira Ikeda
|
0-0: Ball 1-0: Ball 2-0: Called Strike 2-1: Foul Ball, location: 2F 2-2: Fly out, F7 (Flyball, 7D, EV 99.4 MPH) Runner from 2nd tags up, SAFE at 3rd, no throw by LF
|
|
Batting: RHB Mike Strey
|
0-0: Called Strike 0-1: Ball 1-1: Fly out, F3 (Popup, 34S, EV 76.9 MPH)
|
| Top of the 2nd over - 0 runs, 0 hits, 0 errors, 2 left on base; Lowell 0 - Hudson Valley 0 |
| BOTTOM OF THE 2ND |
|
Hudson Valley Renegades batting - Pitching for Lowell Spinners : RHP Nherbert Silivan
|
|
Batting: RHB Kunizo Yanagisawa
|
0-0: Called Strike 0-1: Ball 1-1: Ball 2-1: Foul Ball, location: 2F 2-2: Ground out 5-3 (Groundball, 56, EV 81.9 MPH)
|
|
Batting: SHB Joshua Jackson
|
0-0: Foul Ball, location: 2F 0-1: Swinging Strike 0-2: Strikes out looking
|
|
Batting: RHB Wan-ling Zhu
|
0-0: Swinging Strike 0-1: Foul Ball, location: 2F 0-2: Ball 1-2: Strikes out looking
|
| Bottom of the 2nd over - 0 runs, 0 hits, 0 errors, 0 left on base; Lowell 0 - Hudson Valley 0 |
| TOP OF THE 3RD |
|
Lowell Spinners batting - Pitching for Hudson Valley Renegades : LHP Jake Fields
|
|
Batting: RHB Roger Mitchell
|
0-0: Ball 1-0: Called Strike 1-1: Foul Ball, location: 2F 1-2: Ball 2-2: Strikes out looking
|
|
Batting: LHB Eric Gaugler
|
0-0: Ground out U3 (Groundball, 34, EV 101.2 MPH)
|
|
Batting: RHB Willie Camacho
|
0-0: Ball 1-0: Swinging Strike 1-1: Called Strike 1-2: Ground out U3 (Groundball, 3, EV 104.4 MPH)
|
| Top of the 3rd over - 0 runs, 0 hits, 0 errors, 0 left on base; Lowell 0 - Hudson Valley 0 |
| BOTTOM OF THE 3RD |
|
Hudson Valley Renegades batting - Pitching for Lowell Spinners : RHP Nherbert Silivan
|
|
Batting: RHB Joe Hartigan
|
0-0: Ball 1-0: Called Strike 1-1: Swinging Strike 1-2: Ball 2-2: Ball 3-2: Foul Ball, location: 2F 3-2: Base on Balls
|
|
Batting: RHB Mikey Sano
|
0-0: Called Strike 0-1: Grounds into double play, 6-4-3 (Groundball, 6, EV 105.6 MPH)
|
|
Batting: RHB Chris Glavin
|
0-0: Ball 1-0: Called Strike 1-1: Swinging Strike 1-2: Foul Ball, location: 2F 1-2: Ball 2-2: Foul Ball, location: 2F 2-2: Ball 3-2: Foul Ball, location: 2F 3-2: Ground out 6-3 (Groundball, P, EV 90.0 MPH)
|
| Bottom of the 3rd over - 0 runs, 0 hits, 0 errors, 0 left on base; Lowell 0 - Hudson Valley 0 |
| TOP OF THE 4TH |
|
Lowell Spinners batting - Pitching for Hudson Valley Renegades : LHP Jake Fields
|
|
Batting: LHB Kien-lung Zou
|
0-0: Foul Ball, location: 2F 0-1: Ball 1-1: Foul Ball, location: 2F 1-2: Strikes out swinging
|
|
Batting: RHB Dominique Paolozzi
|
0-0: Called Strike 0-1: SOLO HOME RUN (Flyball, 8LXD, EV 114.4 MPH), Distance : 448 ft
|
|
Batting: RHB Tony Gallegos
|
0-0: Ball 1-0: Called Strike 1-1: Ball 2-1: Ball 3-1: Ground out 6-3 (Groundball, 6, EV 101.9 MPH)
|
|
Batting: RHB Bakhtiar Asadov
|
0-0: SOLO HOME RUN (Flyball, 7D, EV 96.2 MPH), Distance : 392 ft
|
|
Batting: SHB Matsudaira Ikeda
|
0-0: Foul Ball, location: 2F 0-1: Ball 1-1: Ball 2-1: Ball 3-1: Called Strike 3-2: Strikes out looking
|
| Top of the 4th over - 2 runs, 2 hits, 0 errors, 0 left on base; Lowell 2 - Hudson Valley 0 |
| BOTTOM OF THE 4TH |
|
Hudson Valley Renegades batting - Pitching for Lowell Spinners : RHP Nherbert Silivan
|
|
Batting: LHB Jonathan Spino
|
0-0: Ball 1-0: SINGLE (Groundball, 5D, EV 103.8 MPH)
|
|
Batting: SHB Chris Lockart
|
0-0: Called Strike Jonathan Spino steals 2nd base (no throw) 0-1: Ball 1-1: Ball 2-1: Ball 3-1: Reached on error, E4 (Groundball, 34, EV 102.5 MPH) Jonathan Spino to third
|
|
Batting: RHB Alex Koral
|
0-0: Ball 1-0: Called Strike Chris Lockart steals 2nd base (no throw) 1-1: Ball 2-1: Foul Ball, location: 2F 2-2: Foul Ball, location: 2F 2-2: Ball 3-2: Foul Ball, location: 2F 3-2: Strikes out swinging
|
|
Batting: RHB Kunizo Yanagisawa
|
0-0: Ball 1-0: Ball 2-0: Ball 3-0: Base on Balls
|
|
Batting: SHB Joshua Jackson
|
0-0: Fly out, F8 (Flyball, 8RD, EV 96.2 MPH) Runner from 3rd tags up, SCORES, no throw by CF
|
|
Batting: RHB Wan-ling Zhu
|
0-0: Ball 1-0: Ground out 4-3 (Groundball, 4, EV 103.1 MPH)
|
| Bottom of the 4th over - 1 run, 1 hit, 1 error, 2 left on base; Lowell 2 - Hudson Valley 1 |
| TOP OF THE 5TH |
|
Lowell Spinners batting - Pitching for Hudson Valley Renegades : LHP Jake Fields
|
|
Batting: RHB Mike Strey
|
0-0: Ball 1-0: Foul Ball, location: 2F 1-1: Ball 2-1: SINGLE (Groundball, 56D, EV 103.1 MPH)
|
|
Batting: RHB Roger Mitchell
|
0-0: Called Strike 0-1: Foul Ball, location: 2F 0-2: Ball 1-2: Foul Ball, location: 2F 1-2: Ball 2-2: Strikes out looking
|
|
Batting: LHB Eric Gaugler
|
0-0: Foul Ball, location: 2F 0-1: Ball 1-1: Ball 2-1: Called Strike 2-2: SINGLE (Groundball, 4MD, EV 103.8 MPH) (infield hit) Mike Strey to second
|
|
Batting: RHB Willie Camacho
|
0-0: Called Strike 0-1: Foul Ball, location: 2F Balk! Mike Strey to third Eric Gaugler to second 0-2: Ball 1-2: Ball Wild Pitch! Mike Strey scores Eric Gaugler to third 2-2: Foul Ball, location: 2F 2-2: Foul Ball, location: 2F 2-2: Fly out, F7 (Flyball, 7, EV 95.0 MPH) Runner from 3rd tags up, SCORES, throw by LF
|
|
Batting: LHB Kien-lung Zou
|
0-0: Ground out 5-3 (Groundball, 56S, EV 83.8 MPH)
|
| Top of the 5th over - 2 runs, 2 hits, 0 errors, 0 left on base; Lowell 4 - Hudson Valley 1 |
| BOTTOM OF THE 5TH |
|
Hudson Valley Renegades batting - Pitching for Lowell Spinners : RHP Nherbert Silivan
|
|
Batting: RHB Joe Hartigan
|
0-0: Called Strike 0-1: Ball 1-1: Called Strike 1-2: Fly out, F7 (Flyball, 7D, EV 83.8 MPH)
|
|
Batting: RHB Mikey Sano
|
0-0: Ground out 6-3 (Groundball, 6, EV 83.8 MPH)
|
|
Batting: RHB Chris Glavin
|
0-0: Foul Ball, location: 2F 0-1: Fly out, F8 (Line Drive, 8RD, EV 91.9 MPH)
|
| Bottom of the 5th over - 0 runs, 0 hits, 0 errors, 0 left on base; Lowell 4 - Hudson Valley 1 |
| TOP OF THE 6TH |
|
Lowell Spinners batting - Pitching for Hudson Valley Renegades : LHP Jake Fields
|
|
Batting: RHB Dominique Paolozzi
|
0-0: Ball 1-0: Ball 2-0: Ball 3-0: Base on Balls
|
|
Batting: RHB Tony Gallegos
|
0-0: Called Strike 0-1: Hit by Pitch Dominique Paolozzi to second
|
|
Batting: RHB Bakhtiar Asadov
|
0-0: Called Strike 0-1: Called Strike 0-2: Ball 1-2: Strikes out swinging
|
|
Batting: SHB Matsudaira Ikeda
|
0-0: SINGLE (Line Drive, 7S, EV 102.5 MPH) Dominique Paolozzi to third Tony Gallegos to second
|
|
Batting: RHB Mike Strey
|
0-0: Called Strike 0-1: Foul Ball, location: 2F 0-2: Ball 1-2: Grounds into fielders choice 3-2 (Groundball, 3L, EV 83.1 MPH) Tony Gallegos to third Matsudaira Ikeda to second
|
|
Batting: RHB Roger Mitchell
|
0-0: Fly out, F9 (Flyball, 9S, EV 90.6 MPH)
|
| Top of the 6th over - 0 runs, 1 hit, 0 errors, 3 left on base; Lowell 4 - Hudson Valley 1 |
| BOTTOM OF THE 6TH |
|
Hudson Valley Renegades batting - Pitching for Lowell Spinners : RHP Nherbert Silivan
|
|
Batting: LHB Jonathan Spino
|
0-0: Ball 1-0: Called Strike 1-1: Reached via error on a dropped throw from 2B, E3 (Groundball, 4, EV 93.8 MPH)
|
|
Batting: SHB Chris Lockart
|
0-0: Called Strike Jonathan Spino steals 2nd base 0-1: Ball 1-1: Foul Ball, location: 2F 1-2: Fly out, F9 (Flyball, 89S, EV 93.1 MPH)
|
|
Batting: RHB Alex Koral
|
0-0: Ball Jonathan Spino steals 3rd, throwing error, E2 Jonathan Spino scores 1-0: Foul Ball, location: 2F 1-1: Hit by Pitch
|
|
Batting: RHB Kunizo Yanagisawa
|
0-0: Ball Alex Koral steals 2nd, throwing error, E2 Alex Koral to third 1-0: Ball 2-0: Ball 3-0: Base on Balls
|
|
Pitching: RHP Jose Abanto
|
|
|
Batting: SHB Joshua Jackson
|
0-0: Called Strike 0-1: Called Strike 0-2: Ball 1-2: Ball 2-2: Ball 3-2: Foul Ball, location: 2F 3-2: SINGLE (Groundball, 56D, EV 107.5 MPH) Alex Koral scores Kunizo Yanagisawa to second
|
|
Batting: RHB Wan-ling Zhu
|
0-0: Ball 1-0: Ball 2-0: Ball 3-0: Called Strike 3-1: Base on Balls Kunizo Yanagisawa to third Joshua Jackson to second
|
|
Batting: RHB Joe Hartigan
|
0-0: Foul Ball, location: 2F 0-1: Ball 1-1: Ball 2-1: Ball 3-1: Foul Ball, location: 2F 3-2: GRAND SLAM HOME RUN (Flyball, 9D, EV 95.0 MPH), Distance : 365 ft
|
|
Pitching: RHP Armando Berrios
|
|
|
Batting: RHB Mikey Sano
|
0-0: Ball 1-0: Called Strike 1-1: Ball 2-1: Swinging Strike 2-2: Ball 3-2: Fly out, F8 (Flyball, 8LD, EV 88.1 MPH)
|
|
Batting: RHB Chris Glavin
|
0-0: Ball 1-0: Ball 2-0: Ball 3-0: Base on Balls
|
|
Batting: LHB Jonathan Spino
|
0-0: Ball 1-0: Ball Chris Glavin is caught stealing 2nd base 2-6
|
| Bottom of the 6th over - 6 runs, 2 hits, 3 errors, 0 left on base; Lowell 4 - Hudson Valley 7 |
| TOP OF THE 7TH |
|
Lowell Spinners batting - Pitching for Hudson Valley Renegades : LHP Jake Fields
|
|
Batting: LHB Eric Gaugler
|
0-0: Called Strike 0-1: Ball 1-1: Foul Ball, location: 2F 1-2: Ball 2-2: Foul Ball, location: 2F 2-2: Strikes out swinging
|
|
Pitching: RHP Brandon Isabell
|
|
|
Batting: RHB Willie Camacho
|
0-0: Foul Ball, location: 2F 0-1: Swinging Strike 0-2: Strikes out swinging
|
|
Batting: LHB Kien-lung Zou
|
0-0: Foul Ball, location: 2F 0-1: Foul Ball, location: 2F 0-2: Ground out U3 (Groundball, 3, EV 103.1 MPH)
|
| Top of the 7th over - 0 runs, 0 hits, 0 errors, 0 left on base; Lowell 4 - Hudson Valley 7 |
| BOTTOM OF THE 7TH |
|
Hudson Valley Renegades batting - Pitching for Lowell Spinners : RHP Armando Berrios
|
|
Batting: LHB Jonathan Spino
|
0-0: Called Strike 0-1: Foul Ball, location: 2F 0-2: Ball 1-2: Ball 2-2: Foul Ball, location: 2F 2-2: Ball 3-2: Base on Balls
|
|
Batting: SHB Chris Lockart
|
0-0: Ball Jonathan Spino is caught stealing 2nd base 2-6 1-0: Ball 2-0: Ball 3-0: Called Strike 3-1: Base on Balls
|
|
Batting: RHB Alex Koral
|
0-0: Called Strike 0-1: Ball 1-1: Foul Ball, location: 2F 1-2: Ball 2-2: Ball Chris Lockart steals 2nd base 3-2: Strikes out swinging
|
|
Batting: RHB Kunizo Yanagisawa
|
0-0: Ball 1-0: Foul Ball, location: 2F 1-1: Swinging Strike 1-2: Ball Wild Pitch! Chris Lockart to third 2-2: Ball 3-2: Ground out 6-3 (Groundball, 56D, EV 94.4 MPH)
|
| Bottom of the 7th over - 0 runs, 0 hits, 0 errors, 1 left on base; Lowell 4 - Hudson Valley 7 |
| TOP OF THE 8TH |
|
Lowell Spinners batting - Pitching for Hudson Valley Renegades : RHP Brandon Isabell
|
|
Batting: RHB Dominique Paolozzi
|
0-0: Ball 1-0: Foul Ball, location: 2F 1-1: Foul Ball, location: 2F 1-2: Foul Ball, location: 2F 1-2: Ground out 4-3 (Groundball, 4, EV 105.6 MPH)
|
|
Pinch Hitting: LHB Javier Cajina
|
0-0: Ball 1-0: Called Strike 1-1: Foul Ball, location: 2F 1-2: Ball 2-2: Ground out 1-3 (Groundball, 13S, EV 73.1 MPH)
|
|
Batting: RHB Bakhtiar Asadov
|
0-0: Ball 1-0: Swinging Strike 1-1: Foul Ball, location: 2F 1-2: Strikes out swinging
|
| Top of the 8th over - 0 runs, 0 hits, 0 errors, 0 left on base; Lowell 4 - Hudson Valley 7 |
| BOTTOM OF THE 8TH |
|
Hudson Valley Renegades batting - Pitching for Lowell Spinners : RHP Armando Berrios
|
|
Pitching: RHP Josiah Russell
|
|
|
Now at 1B: Kien-lung Zou
|
|
|
Now in LF: Javier Cajina
|
|
|
Batting: SHB Joshua Jackson
|
0-0: Called Strike 0-1: Ball 1-1: Foul Ball, location: 2F 1-2: Strikes out swinging
|
|
Batting: RHB Wan-ling Zhu
|
0-0: Ball 1-0: Called Strike 1-1: Ball 2-1: Ground out 5-3 (Groundball, 5L, EV 81.2 MPH)
|
|
Batting: RHB Joe Hartigan
|
0-0: Foul Ball, location: 2F 0-1: Ball 1-1: Swinging Strike 1-2: Strikes out looking
|
| Bottom of the 8th over - 0 runs, 0 hits, 0 errors, 0 left on base; Lowell 4 - Hudson Valley 7 |
| TOP OF THE 9TH |
|
Lowell Spinners batting - Pitching for Hudson Valley Renegades : RHP Brandon Isabell
|
|
Pitching: RHP Matt Wicker
|
|
|
Batting: SHB Matsudaira Ikeda
|
0-0: Called Strike 0-1: Ball 1-1: Foul Ball, location: 2F 1-2: Strikes out swinging
|
|
Pinch Hitting: LHB Kevin Rolison
|
0-0: Called Strike 0-1: Ball 1-1: Ball 2-1: Ground out U3 (Groundball, 3, EV 81.9 MPH)
|
|
Pinch Hitting: LHB Mike Hutcheson
|
0-0: Ball 1-0: Ball 2-0: Called Strike 2-1: Fly out, F7 (Flyball, 7D, EV 100.0 MPH)
|
| Top of the 9th over - 0 runs, 0 hits, 0 errors, 0 left on base; Lowell 4 - Hudson Valley 7 |
|